 Dungeon Crawl Stone Soup version 0.27-a0-1081-ge8a0a9c698 (webtiles) character file.

Game seed: 4631778133815408837

52 harryhousin the Chucker (level 3, -2/31 HPs)
             Began as a Gnoll Wanderer on Apr 25, 2021.
             Killed from afar by an orc wizard (6 damage)
             ... with a puff of flame
             ... on level 3 of the Dungeon.
             The game lasted 00:05:39 (1886 turns).

harryhousin the Chucker (Gnoll Wanderer)            Turns: 1886, Time: 00:05:40

Health: -2/31      AC:  2    Str: 11    XL:     3   Next: 85%
Magic:  7/7        EV: 12    Int: 13    God:
Gold:   48         SH:  0    Dex: 10    Spells: 7/7 levels left

rFire    . . .     SeeInvis .   a - +2 dagger
rCold    . . .     Faith    .   (no shield)
rNeg     . . .     Spirit   .   d - +0 robe
rPois    .         Reflect  .   (no helmet)
rElec    .         Harm     .   (no cloak)
rCorr    .         Rampage  .   (no gloves)
Will     .....                  (no boots)
Stlth    ++........             (no amulet)
HPRegen  0.10/turn              (no ring)
MPRegen  0.10/turn              (no ring)

@: no status effects
A: fangs 1, strong nose, distributed training
a: no special abilities


You were on level 3 of the Dungeon.
You visited 1 branch of the dungeon, and saw 3 of its levels.

You collected 48 gold pieces.

Inventory:

Hand Weapons
 a - a +2 dagger (weapon)
 c - a +0 quarterstaff
Missiles
 b - a curare-tipped dart (quivered)
Armour
 d - a +0 robe (worn)
Scrolls
 e - 3 scrolls of brand weapon {unknown}
 f - a scroll of identify {unknown}
Potions
 g - a potion of degeneration {unknown}


   Skills:
 + Level 4.6 Fighting
 + Level 1.0 Short Blades
 + Level 1.0 Long Blades
 + Level 1.0 Axes
 + Level 1.0 Maces & Flails
 + Level 1.0 Polearms
 + Level 2.6 Staves
 + Level 1.0 Slings
 + Level 1.0 Bows
 + Level 1.0 Crossbows
 + Level 4.6 Throwing
 + Level 1.0 Armour
 + Level 2.6 Dodging
 + Level 2.4 Stealth
 + Level 1.0 Shields
 + Level 1.0 Unarmed Combat
 + Level 2.9 Spellcasting
 + Level 0.7 Conjurations
 + Level 2.1 Hexes
 + Level 0.7 Summonings
 + Level 0.7 Necromancy
 + Level 0.7 Translocations
 + Level 0.7 Transmutations
 + Level 0.7 Fire Magic
 + Level 0.7 Ice Magic
 + Level 0.7 Air Magic
 + Level 2.1 Earth Magic
 + Level 0.7 Poison Magic
 + Level 1.0 Invocations
 + Level 1.0 Evocations


You had 7 spell levels left.
You didn't know any spells.
Your spell library contained the following spells:

 Spells                   Type           Power      Damage    Failure   Level
 Corona                   Hex            7%         N/A       10%         1
 Animate Skeleton         Necr           6%         N/A       17%         1
 Apportation              Tloc           6%         N/A       17%         1
 Pain                     Necr           12%        1d4       17%         1
 Summon Small Mammal      Summ           12%        N/A       17%         1
 Vampiric Draining        Necr           1%         2d6       45%         3
 Animate Dead             Necr           1%         N/A       86%         4
 Agony                    Necr           3%         N/A       99%         5


Dungeon Overview and Level Annotations

Branches:
Dungeon (3/15)

Altars:

Annotations:
D:2 Sigmund


Innate Abilities, Weirdness & Mutations

You have very sharp teeth.
Your uncanny sense of smell can sniff out nearby items.
Your experience applies equally to all skills.


Message History

Your Slings skill increases to level 1!
Your Bows skill increases to level 1!
Your Crossbows skill increases to level 1!
Your Armour skill increases to level 1!
Your Shields skill increases to level 1!
Your Unarmed Combat skill increases to level 1!
Your Evocations skill increases to level 1!
You barely miss the orc. You bite the orc.
The orc is lightly wounded.
The orc hits you but does no damage.
You hit the orc.
The orc is heavily wounded.
The orc hits you with a +0 short sword.
You barely miss the orc.
The orc is heavily wounded.
The orc hits you with a +0 short sword.
You hit the orc.
You kill the orc!
The orc wizard points at you and mumbles some strange words.
You resist with significant effort.
The orc wizard hits you with a +0 dagger.
You hit the orc wizard.
The orc wizard is lightly wounded.
The orc wizard hits you with a +0 dagger.
* * * LOW HITPOINT WARNING * * *
You hit the orc wizard.
The orc wizard is moderately wounded.
The orc wizard casts a spell at itself.
The orc wizard flickers and vanishes!
Deactivating autopickup; reactivate with Ctrl-A.
You hit something. You bite something. Something hits you.
* * * LOW HITPOINT WARNING * * *
You barely miss something. You punch something. Your bite misses something.
Something hits you.
* * * LOW HITPOINT WARNING * * *
You barely miss something. You hit something but do no damage.
You hear some strange, mumbled words.
A puff of flame appears from out of thin air!
The puff of flame hits you.
You die...

∆
####################
#............#.†....
#.#.#.######.#.####.
#@#.# #.#.####.
#{#.# #.#...<#.
.......o#.#
#.######.
######.##.#
#........ #. #.#
######### #. #.. #.
### #. #.


You could see an orc.

Vanquished Creatures
  An adder (D:3)
  3 orcs (D:3)
  4 ball pythons (D:1)
  4 endoplasms (D:1)
  A giant cockroach (D:1)
  4 goblins
  4 hobgoblins (D:1)
  6 jackals
  3 quokkas
  A kobold (D:1)
  3 rats (D:1)
34 creatures vanquished.

Notes
Turn   | Place    | Note
-------+----------+-------------------------------------------
     0 | D:1      | harryhousin the Gnoll Wanderer began the quest for the Orb.
     0 | D:1      | harryhousin set off with the following items: a +2 dagger,
                  | a curare-tipped dart, a +0 quarterstaff, a +0 robe
     0 | D:1      | Reached XP level 1. HP: 20/20 MP: 4/4
   340 | D:1      | Reached XP level 2. HP: 25/26 MP: 5/5
   342 | D:1      | Found a faded altar of an unknown god.
  1183 | D:1      | Reached XP level 3. HP: 25/31 MP: 7/7
  1590 | D:2      | Noticed Sigmund
  1836 | D:3      | Reached skill level 1 in Invocations
  1875 | D:3      | Reached skill level 1 in Short Blades
  1875 | D:3      | Reached skill level 1 in Long Blades
  1875 | D:3      | Reached skill level 1 in Axes
  1875 | D:3      | Reached skill level 1 in Maces & Flails
  1875 | D:3      | Reached skill level 1 in Polearms
  1875 | D:3      | Reached skill level 1 in Slings
  1875 | D:3      | Reached skill level 1 in Bows
  1875 | D:3      | Reached skill level 1 in Crossbows
  1875 | D:3      | Reached skill level 1 in Armour
  1875 | D:3      | Reached skill level 1 in Shields
  1875 | D:3      | Reached skill level 1 in Unarmed Combat
  1875 | D:3      | Reached skill level 1 in Evocations
  1886 | D:3      | Killed from afar by an orc wizard

Illustrated notes

Levels and vault maps discovered:
D:1:      heliophobic_arrival_dark_side_of_the_moon, layout_loops_corners,
          basic_ecumenical_altar, minmay_heptomino_o4
D:2:      layout_loops_ring, minivault_11, minmay_stone_trees_medium,
          uniq_sigmund
D:3:      layout_basic, serial_shops, shop, minmay_misc_feat_secret_circle,
          corner_web_ring, uniq_ijyb

Skill      XL: |  1  2  3 |
---------------+----------+-----
Hexes          | 2 |  2.1
Earth Magic    | 2 |  2.1
Invocations    | 1 |  1.0
Short Blades   | 1 |  1.0
Long Blades    | 1 |  1.0
Axes           | 1 |  1.0
Maces & Flails | 1 |  1.0
Polearms       | 1 |  1.0
Slings         | 1 |  1.0
Bows           | 1 |  1.0
Crossbows      | 1 |  1.0
Armour         | 1 |  1.0
Shields        | 1 |  1.0
Unarmed Combat | 1 |  1.0
Evocations     | 1 |  1.0
Fighting       | |  4.6
Staves         | |  2.6
Throwing       | |  4.6
Dodging        | |  2.6
Stealth        | |  2.4
Spellcasting   | |  2.9
Conjurations   | |  0.7
Summonings     | |  0.7
Necromancy     | |  0.7
Translocations | |  0.7
Transmutations | |  0.7
Fire Magic     | |  0.7
Ice Magic      | |  0.7
Air Magic      | |  0.7
Poison Magic   | |  0.7

Action                   || total
-------------------------++-------
Melee: Dagger            ||    99
       Bite              ||    10
       Punch             ||     1
 Stab: Sleeping          ||     5
Armor: Robe              ||     6
Dodge: Dodged            ||    42

Table legend: (Time is in decaauts)
 A = Elapsed time spent in this place.
 B = Non-inter-level travel time spent in this place.
 C = Inter-level travel time spent in this place.
 D = Time resting spent in this place.
 E = Time spent auto-exploring this place.
 F = Levels seen in this place.
 G = Mean time per level.
                   A        B        C        D        E       F      G
               +--------+--------+--------+--------+--------+-----+--------+
         Total |   1883 |   1860 |     23 |    354 |    868 |   3 |  627.7 |
       Dungeon |   1883 |   1860 |     23 |    354 |    868 |   3 |  627.7 |
               +--------+--------+--------+--------+--------+-----+--------+

Top non-repeatable levels by time:
     D:1: 1597 daAuts
     D:2: 228 daAuts
     D:3: 57 daAuts
